Match 25336259
Unlisted

Match 25336259
End
Kettenkrad Recon Vehicle
Construct Infanterie Kompanie
MG 42 Machine Gun Team
Selects Mechanized Battlegroup
GrW 34 Mortar Team
Grenadier Squad
Infanterie Officer Quarters
Grenadier Squad
Construct Luftwaffe Kompanie
Medical Station
Jäger Squad
Selects Raid Package
221 Scout Car
Selects 8 Rad Armored Car
8 Rad Armored Car
Jäger Squad
Luftwaffe Officer Quarters
Pioneer Squad
Jäger Squad
Construct Panzer Kompanie
Selects UNKNOWN (2160084)
Selects Mobile Repair Stations
Selects Wespe Self-propelled Artillery
Panther Heavy Tank
Selects Zeroing Artillery Barrage
Pioneer Squad
Panther Heavy Tank
Jäger Squad
Panther Heavy Tank
Zeroing Artillery Barrage
Pioneer Squad
Jäger Squad
221 Scout Car
Jäger Squad
Construct Panzergrenadier Kompanie
Panzer IV Medium Tank
Pak 40 Anti-tank Gun Team
StriderRx
TheWishbone
Zoikum
bogdan
Redback
YangXYZ
UnbreakableFr
Doctor Egg
0
0

Comments sign in to comment!

No comments posted yet!